 Dungeon Crawl Stone Soup version 0.29-a0-1027-gcd8c55af63 (webtiles) character file.

Game seed: 6098247588341114160

161 2tc the Poker (level 5, -4/33 (38) HPs)
             Began as a Merfolk Gladiator on Aug 12, 2022.
             Slain by Edmund
             ... wielding a +2 dire flail of draining
              (7 damage)
             ... on level 4 of the Dungeon.
             The game lasted 00:07:15 (2997 turns).

2tc the Poker (Merfolk Gladiator)                   Turns: 2997, Time: 00:07:16

HP:   -4/33 (38)    AC:  8    Str: 16    XL:     5   Next: 42%
MP:   0/5           EV: 12    Int:  7    God:
Gold: 146           SH:  0    Dex: 16    Spells: 4/4 levels left

rFire   . . .      SeeInvis .   r - +0 spear
rCold   . . .      Faith    .   (no shield)
rNeg    + + .      Spirit   +   i - +0 ring mail
rPois   .          Reflect  .   c - +0 helmet
rElec   .          Harm     .   q - +0 cloak
rCorr   .          Rampage  .   l - +0 pair of gloves
Will    .....                   (no boots)
Stlth   +.........              s - amulet of guardian spirit
HPRegen 0.11/turn               f - ring of positive energy
MPRegen 0.09/turn               p - ring of positive energy

@: heavily drained
A: (nimble swimmer 2), mertail
a: no special abilities


You were on level 4 of the Dungeon.
You visited 1 branch of the dungeon, and saw 4 of its levels.

You collected 146 gold pieces.

Inventory:

Hand Weapons
 a - a +0 trident
 g - a +2 spectral quarterstaff
 r - a +0 spear (weapon)
Missiles
 d - 3 throwing nets (quivered)
 e - 3 javelins
Armour
 b - a +0 leather armour
 c - a +0 helmet (worn)
 i - a +0 ring mail (worn)
 l - a +0 pair of gloves (worn)
 q - a +0 cloak (worn)
Jewellery
 f - a ring of positive energy (left hand)
 o - a +6 ring of intelligence
 p - a ring of positive energy (right hand)
 s - an amulet of guardian spirit (around neck)
 t - a ring of ice
Wands
 v - a wand of flame (9)
Scrolls
 m - a scroll of poison
Potions
 j - a potion of lignification


   Skills:
 - Level 2.1 Fighting
 + Level 7.9 Polearms
 - Level 2.0 Throwing
 - Level 4.0 Dodging


You had 4 spell levels left.
You didn't know any spells.
Your spell library contained the following spells:

 Spells                   Type           Power      Damage    Failure   Level
 Freeze                   Ice            0%         1d3       65%         1
 Shock                    Conj/Air       0%         1d3       65%         1
 Frozen Ramparts          Ice            0%         1d1       95%         3
 Swiftness                Air            0%         N/A       95%         3
 Airstrike                Air            0%         2d(0-16)  100%        4
 Hailstorm                Conj/Ice       0%         3d3       100%        4


Dungeon Overview and Level Annotations

Branches:
Dungeon (4/15)
 Temple: D:4-7

Altars:

Shops:
D:1 *

Annotations:
D:3 1 runed translucent door, Crazy Yiuf
D:4 Edmund


Innate Abilities, Weirdness & Mutations

((You are very nimble when in or above water. (Stealth+, EV+, Speed+++)))
Your lower body shifts to a powerful aquatic tail in water.


Message History

Edmund is severely wounded.
Edmund barely misses you.
It was a potion of cancellation.
Your magical effects are unravelling.
You feel magically purged.
You feel a little less mighty now. Edmund hits you but does no damage.
You partially resist.
You feel less attractive to monsters.
You hit Edmund.
Edmund is almost dead.
Edmund hits you with a +2 dire flail of draining.
* * * LOW HITPOINT WARNING * * *
You partially resist.
You feel drained.
You hit Edmund.
Edmund is almost dead.
You hit Edmund.
Edmund is almost dead.
Edmund hits you but does no damage. You partially resist.
You hit Edmund but do no damage.
Edmund is almost dead.
Edmund misses you.
You barely miss Edmund.
Edmund is almost dead.
Edmund barely misses you.
You barely miss Edmund.
Edmund is almost dead.
You hit Edmund but do no damage.
Edmund is almost dead.
Edmund hits you with a +2 dire flail of draining!
* * * LOW HITPOINT WARNING * * *
You partially resist.
You feel drained.
You hit Edmund but do no damage.
Edmund is almost dead.
Edmund closely misses you.
You completely miss Edmund.
Edmund is almost dead.
You hit Edmund.
Edmund is almost dead.
Edmund hits you with a +2 dire flail of draining!
You die...

#
#.............
#
#.............
#
#....."..[....
#
#.........$...
#
#.............
#
#.............
#
#.............
######@#######
#@# #.# #.#
#.# #.# #.# #
#.########.#
#(.........###
#####.........


You could see Edmund.

Vanquished Creatures
  Jessica (D:2)
  An iguana (D:4)
  An orc wizard (D:3)
  An adder (D:3)
  A worm (D:2)
  A dart slug (D:3)
  7 orcs
  3 ball pythons
  7 endoplasms
  4 giant cockroaches
  2 hobgoblins
  2 jackals (D:1)
  A quokka (D:1)
  5 bats
  4 frilled lizards
  6 goblins
  8 kobolds
  5 rats
60 creatures vanquished.

Notes
Turn   | Place    | Note
-------+----------+-------------------------------------------
     0 | D:1      | 2tc the Merfolk Gladiator began the quest for the Orb.
     0 | D:1      | Reached XP level 1. HP: 16/16 MP: 1/1
   250 | D:1      | Found Seifoh's Assorted Antiques.
   427 | D:1      | Reached XP level 2. HP: 21/22 MP: 2/2
   540 | D:1      | Reached skill level 5 in Polearms
   917 | D:1      | Reached XP level 3. HP: 27/27 MP: 3/3
  1122 | D:2      | Noticed Jessica
  1127 | D:2      | Killed Jessica
  1128 | D:2      | Reached skill level 6 in Polearms
  1193 | D:2      | Reached XP level 4. HP: 33/33 MP: 4/4
  2266 | D:3      | Reached skill level 7 in Polearms
  2280 | D:3      | Reached XP level 5. HP: 25/38 MP: 3/5
  2740 | D:3      | Found a runed translucent door.
  2741 | D:3      | Noticed Crazy Yiuf
  2951 | D:4      | Noticed Edmund
  2997 | D:4      | Slain by Edmund

Illustrated notes

Levels and vault maps discovered:
D:1:      lordsloth_arrival_two_stooges, layout_basic, serial_shops, shop
D:2:      layout_loops_ring, uniq_jessica
D:3:      cheibrodos_helix_gallery, layout_basic, serial_glass, glass_columns_a,
          glass_columns_b, uniq_crazy_yiuf_cottage
D:4:      layout_basic, nemelex_spade_bored_becter, uniq_robin, uniq_edmund

Skill      XL: |  1  2  3  4 |
---------------+-------------+-----
Polearms       | 5 6 7 |  7.9
Fighting       | |  2.1
Throwing       | |  2.0
Dodging        | |  4.0

Action                   |  1- 3 |  4- 6 || total
-------------------------+-------+-------++-------
Melee: Trident           |    71 |    26 ||    97
       Spear             |       |   146 ||   146
       Punch             |       |     2 ||     2
Evoke: Wand              |       |     1 ||     1
  Use: Scroll            |     6 |     4 ||    10
       Potion            |       |     5 ||     5
 Stab: Sleeping          |     3 |       ||     3
Armor: Leather armour    |    12 |       ||    12
       Ring mail         |     2 |    44 ||    46
       Skin              |       |    18 ||    18
Dodge: Dodged            |    25 |    66 ||    91

Table legend: (Time is in decaauts)
 A = Elapsed time spent in this place.
 B = Non-inter-level travel time spent in this place.
 C = Inter-level travel time spent in this place.
 D = Time resting spent in this place.
 E = Time spent auto-exploring this place.
 F = Levels seen in this place.
 G = Mean time per level.
                   A        B        C        D        E       F      G
               +--------+--------+--------+--------+--------+-----+--------+
         Total |   2956 |   2898 |     58 |    100 |   2286 |   4 |  739.0 |
       Dungeon |   2956 |   2898 |     58 |    100 |   2286 |   4 |  739.0 |
               +--------+--------+--------+--------+--------+-----+--------+

Top non-repeatable levels by time:
     D:3: 998 daAuts
     D:1: 944 daAuts
     D:2: 850 daAuts
     D:4: 161 daAuts
